 Dungeon Crawl Stone Soup version 0.28.0 (webtiles) character file.

Game seed: 4751147251815904285

76 horus123 the Charlatan (level 4, -2/33 HPs)
             Began as a Demonspawn Wanderer on Feb 14, 2022.
             Slain by an ogre (9 damage)
             ... on level 4 of the Dungeon.
             The game lasted 00:05:38 (2498 turns).

horus123 the Charlatan (Demonspawn Wanderer)        Turns: 2498, Time: 00:05:39

Health: -2/33      AC: 10    Str: 13    XL:     4   Next: 12%
Magic:  4/4        EV:  5    Int: 10    God:
Gold:   158        SH:  0    Dex: 17    Spells: 3/3 levels left

rFire   . . .      SeeInvis .   i - +1 flail
rCold   . . .      Faith    .   (no shield)
rNeg    . . .      Spirit   .   b - +0 chain mail
rPois   .          Reflect  .   (no helmet)
rElec   .          Harm     .   (no cloak)
rCorr   .          Rampage  .   (no gloves)
Will    .....                   (no boots)
Stlth   ..........              (no amulet)
HPRegen 0.11/turn               (no ring)
MPRegen 0.09/turn               (no ring)

@: no status effects
A: thin metallic scales 1, demonic touch 1
a: no special abilities


You were on level 4 of the Dungeon.
You visited 1 branch of the dungeon, and saw 4 of its levels.

You collected 158 gold pieces.

Inventory:

Hand Weapons
 a - a +0 hunting sling
 i - a +1 flail (weapon)
Missiles
 c - 30 sling bullets
 f - 92 stones
 j - 4 poisoned darts
 m - 3 silver javelins (quivered)
Armour
 b - a +0 chain mail (worn)
Scrolls
 d - a scroll of silence
 e - 2 scrolls of fog
 k - a scroll of teleportation
Potions
 g - a potion of berserk rage
 h - a potion of might {unknown}
 l - a potion of curing {unknown}


   Skills:
 - Level 2.0 Fighting
 - Level 2.0 Maces & Flails
 - Level 2.0 Slings
 + Level 2.6 Armour
 - Level 1.7 Stealth
 - Level 4.0 Evocations


You had 3 spell levels left.
You didn't know any spells.
Your spell library was empty.

Dungeon Overview and Level Annotations

Branches:
Dungeon (4/15)
 Temple: D:4-7

Altars:
Kikubaaqudgha
Ru


Innate Abilities, Weirdness & Mutations

You are partially covered in thin metallic scales. (AC +2)
Your touch may inflict minor irresistible damage on your foes.


Message History

You open the door.
Found a stone staircase leading up.
There is an open door here.
There is a stone staircase leading up here.
An endoplasm comes into view.
Found a robe.
The endoplasm quivers.
You shoot a sling bullet. The sling bullet hits the endoplasm.
The endoplasm is heavily wounded.
You shoot a sling bullet. The sling bullet hits the endoplasm!
You kill the endoplasm!
Your Maces & Flails skill increases to level 2!
c - 32 sling bullets (gained 1) Done exploring.
Done exploring.
Done exploring.
(D) Dungeon
Where to? (Enter - D:3, ? - help)
What level of the Dungeon? (default 1, ? - help)
There is a stone staircase leading up here.
There is a stone staircase leading down here.
You climb downwards.
The ogre shouts!
Found a scroll of identify and a weird glowing staff.
There is a stone staircase leading up here.
An ogre is nearby!
You shoot a sling bullet.
The sling bullet barely misses the ogre.
You shoot a sling bullet.
The sling bullet hits the ogre but does no damage.
i - a +1 flail (weapon)
You barely miss the ogre.
The ogre hits you with a +0 giant club!!
Ouch! That really hurt!
* * * LOW HITPOINT WARNING * * *
Unknown command.
You barely miss the ogre.
You touch the ogre.
The ogre is moderately wounded.
The ogre hits you with a +0 giant club!
You die...

# ..
#.######
#......#
#.....#
#.|..#
#?..@#
#..O.#
#.(..#
..(...#
###....#
#....#
#....#
######


You could see an ogre.

Vanquished Creatures
  2 adders
  2 adder skeletons (D:2)
  2 dart slugs
  An orc (D:3)
  5 endoplasms
  2 giant cockroaches
  3 goblins
  5 hobgoblins
  7 jackals
  3 kobolds
  3 ball pythons
  A bat (D:1)
  2 frilled lizards
  A giant cockroach zombie (D:2)
  A quokka skeleton (D:2)
  6 rats
46 creatures vanquished.

Vanquished Creatures (others)
  A human (D:3)
1 creature vanquished.

Grand Total: 47 creatures vanquished

Notes
Turn   | Place    | Note
-------+----------+-------------------------------------------
     0 | D:1      | horus123 the Demonspawn Wanderer began the quest for the
                  | Orb.
     0 | D:1      | horus123 set off with the following items: a +0 hunting
                  | sling, a +0 chain mail, 23 sling bullets, a wand of flame
                  | (5)
     0 | D:1      | Reached XP level 1. HP: 13/13 MP: 1/1
    38 | D:1      | Reached skill level 1 in Fighting
   289 | D:1      | Gained mutation: You are partially covered in thin metallic
                  | scales. (AC +2) [demonic ancestry]
   289 | D:1      | Reached XP level 2. HP: 21/21 MP: 2/2
  1130 | D:2      | Gained mutation: Your touch may inflict minor irresistible
                  | damage on your foes. [demonic ancestry]
  1130 | D:2      | Reached XP level 3. HP: 25/27 MP: 3/3
  1295 | D:2      | Found a sacrificial altar of Ru.
  1498 | D:2      | Found a faded altar of an unknown god.
  1681 | D:3      | Reached skill level 1 in Maces & Flails
  1735 | D:3      | Identified the +10 long sword of Infinite Pain {holy, rC-
                  | Will+ Str+4 Stlth+}
  1895 | D:3      | Reached XP level 4. HP: 28/33 MP: 4/4
  2306 | D:3      | Found an ancient bone altar of Kikubaaqudgha.
  2323 | D:3      | Noticed a human
  2324 | D:3      | Killed a human
  2493 | D:4      | Noticed an ogre
  2498 | D:4      | Slain by an ogre

Illustrated notes

Levels and vault maps discovered:
D:1:      mrwooster_arrival_statue_2, layout_basic
D:2:      layout_rooms, basic_altar, shapermc_ecumenical_altar_hornbeckon,
          serial_undead, serial_undead_e, serial_undead_c, serial_undead_e,
          serial_undead_e, hangedman_decor_slide_cut
D:3:      layout_basic, tgw_kikubaaqudgha
D:4:      layout_rooms, amcnicky_altar_gilded, serial_curves, eino_curves_02,
          eino_curves_02, serial_shops, kennysheep_little_box,
          ebering_dispersal_statue_hall, chequers_jeans, uniq_sigmund

Skill      XL: |  1  2  3  4 |
---------------+-------------+-----
Fighting       | 1 2 |  2.0
Slings         | 2 |  2.0
Maces & Flails | 1 2 |  2.0
Armour         | |  2.6
Stealth        | |  1.7
Evocations     | |  4.0

Action                   |  1- 3 |  4- 6 || total
-------------------------+-------+-------++-------
Melee: Flail             |    66 |    21 ||    87
       Touch             |     6 |     3 ||     9
       Punch             |     1 |     1 ||     2
 Fire: Hunting sling     |    24 |     4 ||    28
Throw: Dart              |     1 |       ||     1
       Javelin           |       |     3 ||     3
Evoke: Wand              |     5 |       ||     5
  Use: Scroll            |    10 |     2 ||    12
       Potion            |     1 |       ||     1
Armor: Chain mail        |    60 |    18 ||    78
Dodge: Dodged            |    30 |    12 ||    42
